Map: Submarine LE

Players

MarineLorD - Winner!

  • Race: Terran Terran
  • League: Master
  • Spawn Location: 11:00

Kas

  • Race: Terran Terran
  • Spawn Location: 5:00

Event: DreamHack SC2 Masters 2020 Winter

VOD

Have the link to the VOD?

Description

Time

  • Played on: Nov. 1, 2020, 12:39 p.m.
  • Length: 11:06

All games in this series

Show
View Real Time Build Order
Export as new Build Order

MarineLorD Terran - Winner!

Build Orders:  

Get SALT Encoding   

  12  0:00  SCV  
  13  0:12  SCV  
  14  0:17  Supply Depot  
  14  0:24  SCV  
  14  0:27  Refinery  
  15  0:38  SCV  
  16  0:43  Barracks  
  16  0:50  SCV  
  16  0:53  Refinery  
  17  1:02  SCV  
  18  1:14  SCV  
  19  1:30  Reaper, Orbital Command  
  20  1:33  Factory  
  20  1:42  Supply Depot  
  20  1:55  SCV  
  21  2:02  Reaper  
  21  2:07  SCV  
  23  2:18  Hellion  
  23  2:19  SCV  
  26  2:26  Command Center  
  26  2:31  SCV  
  26  2:35  Barracks Reactor  
  27  2:40  Supply Depot  
  27  2:44  SCV, Widow Mine  
  30  2:53  Starport  
  30  2:56  SCV  
  31  3:08  SCV  
  31  3:11  Factory Tech Lab  
  31  3:15  Marine x2  
  33  3:20  SCV  
  34  3:32  SCV  
  34  3:33  Marine x2  
  35  3:39  Cyclone  
  37  3:44  SCV, Starport Tech Lab  
  37  3:45  Orbital Command  
  38  3:52  Refinery  
  38  3:56  SCV  
  38  3:57  Marine x2  
  38  4:02  Raven  
  43  4:08  SCV  
  44  4:11  Siege Tank  
  44  4:15  SCV, Marine x2  
  50  4:19  Supply Depot  
  50  4:20  SCV  
  51  4:26  Supply Depot  
  51  4:28  SCV  
  52  4:32  SCV  
  52  4:36  Supply Depot  
  53  4:40  SCV  
  53  4:45  SCV, Raven  
  57  4:48  Siege Tank  
  57  4:51  Marine x2  
  57  4:52  SCV  
  63  4:53  Supply Depot  
  63  4:57  SCV  
  64  5:04  SCV  
  65  5:09  SCV  
  65  5:10  Command Center  
  68  5:17  SCV  
  68  5:19  Refinery  
  68  5:21  Siege Tank  
  70  5:30  SCV x2  
  70  5:35  Marine  
  73  5:36  Viking x2, Stimpack  
  73  5:41  Barracks  
  77  5:43  SCV  
  77  5:44  SCV, Barracks  
  77  5:48  Supply Depot  
  79  5:51  Supply Depot  
  79  5:55  SCV  
  80  5:58  Siege Tank  
  80  6:01  SCV  
  84  6:05  Marine  
  84  6:09  Viking x2  
  82  6:28  Marine  
  82  6:30  Siege Tank  
  86  6:33  SCV  
  86  6:39  Viking x2  
  91  6:43  SCV  
  91  6:45  SCV  
  93  6:48  Barracks Reactor x2  
  93  6:49  Marine  
  93  6:52  Engineering Bay  
  93  6:53  Supply Depot, Engineering Bay  
  95  6:54  Orbital Command  
  95  6:55  SCV  
  95  6:58  SCV  
  96  7:05  Siege Tank  
  96  7:06  Marine  
  96  7:08  SCV  
  101  7:10  SCV  
  101  7:16  Viking x2  
  101  7:20  SCV  
  101  7:22  SCV x2  
  108  7:24  Marine  
  108  7:29  Terran Infantry Weapons Level 1, Terran Infantry Armor Level 1  
  109  7:30  Marine  
  109  7:31  Marine  
  109  7:32  SCV, Marine  
  109  7:35  Marine  
  114  7:41  Supply Depot  
  114  7:42  Marine  
  115  7:48  Marine  
  109  7:53  SCV  
  109  7:56  Viking x2  
  109  7:57  Marine x3  
  86  8:00  Marine  
  86  8:03  SCV  
  87  8:06  Marine  
  88  8:14  Marine  
  88  8:15  Marine x2  
  88  8:18  Marine  
  91  8:21  SCV x2  
  91  8:24  Marine  
  91  8:26  Viking x2  
  91  8:28  Orbital Command  
  91  8:32  Marine x2  
  91  8:33  SCV x2, Marine  
  92  8:35  Marine  
  91  8:42  Marine  
  91  8:50  Marine  
Show
View Real Time Build Order
Export as new Build Order

Kas Terran 

Build Orders:  

Get SALT Encoding   

  12  0:00  SCV  
  13  0:12  SCV  
  14  0:17  Supply Depot  
  14  0:24  SCV  
  15  0:29  Refinery  
  15  0:38  SCV  
  16  0:44  Barracks  
  16  0:50  SCV  
  16  0:53  Refinery  
  17  1:03  SCV  
  18  1:15  SCV  
  19  1:31  Orbital Command  
  19  1:32  Factory  
  19  1:33  Reaper  
  20  1:46  Supply Depot  
  20  1:57  SCV  
  21  2:06  Reaper  
  22  2:09  SCV  
  23  2:17  Hellion  
  23  2:21  SCV  
  26  2:28  Command Center  
  26  2:33  SCV  
  27  2:38  Factory Tech Lab  
  27  2:39  Barracks Reactor  
  27  2:43  Starport  
  27  2:48  Supply Depot  
  27  2:52  SCV  
  28  3:02  Cyclone  
  30  3:11  SCV  
  29  3:16  Marine  
  29  3:17  Marine  
  28  3:29  SCV  
  24  3:34  Marine  
  24  3:38  Marine  
  24  3:41  SCV  
  27  3:44  Factory Tech Lab  
  27  3:47  Raven  
  29  3:53  Marine  
  29  3:55  SCV  
  31  4:04  Siege Tank  
  31  4:08  SCV  
  35  4:16  Orbital Command  
  35  4:20  SCV  
  36  4:32  SCV  
  36  4:34  Refinery  
  36  4:36  Siege Tank  
  40  4:39  Viking  
  40  4:42  SCV  
  43  4:46  SCV  
  43  4:47  Viking  
  43  4:51  Marine  
  47  4:54  SCV  
  47  4:58  SCV  
  49  5:02  Supply Depot  
  50  5:08  Supply Depot  
  50  5:10  Viking  
  51  5:17  Viking  
  51  5:18  SCV  
  54  5:26  Siege Tank  
  57  5:30  SCV  
  57  5:32  SCV, Marine  
  60  5:42  Viking  
  62  5:48  Viking  
  64  5:52  SCV x2  
  64  5:55  Supply Depot  
  66  5:58  Supply Depot  
  66  6:01  Marine  
  67  6:07  Siege Tank  
  70  6:15  SCV  
  70  6:17  SCV  
  69  6:19  Marine  
  66  6:28  SCV  
  66  6:29  SCV  
  68  6:34  Viking  
  68  6:37  Marine, Liberator  
  74  6:42  SCV  
  74  6:43  SCV  
  76  6:47  Siege Tank  
  76  6:49  Supply Depot  
  76  6:50  Supply Depot  
  79  6:55  SCV  
  79  6:58  SCV  
  79  6:59  Marine  
  82  7:07  SCV  
  83  7:09  Liberator  
  86  7:20  Marine  
  86  7:21  SCV  
  86  7:22  SCV  
  86  7:23  Viking  
  86  7:24  Supply Depot  
  86  7:25  Supply Depot  
  88  7:30  Siege Tank  
  88  7:33  SCV  
  92  7:38  Marine  
  91  7:56  Marine, Liberator  
  85  8:07  SCV, Supply Depot  
  85  8:08  Command Center, Refinery  
  85  8:11  SCV  
  87  8:13  Siege Tank  
  87  8:14  Marine  
  87  8:19  SCV  
  77  8:31  SCV, Marine  
  77  8:32  Viking  
  77  8:34  SCV  
Tags
 
Add a new tag
Caveats
  • Supply blocks, unpowered buildings, or Contaminate may cause inaccurate times.
  • Supply counts are checked every 10 seconds.